3AAA
SALT LAKE CITY BUZZ @ BRINKLEY BELUGAS
08/10/2027
 
TOP OF THE 1ST
Salt Lake City Buzz batting - Pitching for Brinkley Belugas : RHP Esteban G鏔ez
Pitching: RHP Esteban G鏔ez
Batting: LHB Roberto Soto 0-0: SOLO HOME RUN (Flyball, 78XD), Distance : 415 ft
Batting: LHB Frank Sharp 0-0: Ball
1-0: SINGLE (Flyball, 7S)
Batting: RHB Justin MacPherson 0-0: Foul Ball, location: 2F
0-1: Fielders Choice at 2nd, 5-4 (Groundball, 5L)
Batting: RHB Vicente Cruz 0-0: Ball
1-0: SINGLE (Flyball, 9LS)
Justin MacPherson to second
Runner from 2nd tries for 3rd, SAFE, throw made to third
Batting: RHB Jung-hwan Kwon 0-0: Called Strike
0-1: Ball
1-1: Foul Ball, location: 2F
1-2: Strikes out swinging
Batting: RHB Adrian Rodgers 0-0: Ball
1-0: Foul Ball, location: 2F
1-1: Called Strike
1-2: Foul Ball, location: 2F
1-2: Ball
2-2: Ball
3-2: Base on Balls
Vicente Cruz to second
Batting: LHB 聲gel Aguilar 0-0: Reached on error, E8 (Flyball, 8LM)
Justin MacPherson scores
Vicente Cruz scores
Adrian Rodgers to third
Batting: RHB Andrew Hall 0-0: Fly out, F8 (Flyball, 8RD)
Top of the 1st over - 3 run(s), 3 hit(s), 1 error(s), 2 left on base; Salt Lake City 3 - Brinkley 0
BOTTOM OF THE 1ST
Brinkley Belugas batting - Pitching for Salt Lake City Buzz : RHP Caleb Sobieski
Pitching: RHP Caleb Sobieski
Batting: RHB Enrico Betancourt 0-0: Ball
1-0: Ball
2-0: Ball
3-0: Base on Balls
Batting: RHB Jay Kidd 0-0: Ball
1-0: Grounds into double play, 1-4-3 (Groundball, 15S)
Batting: RHB Brandon Cole 0-0: Called Strike
0-1: Swinging Strike
0-2: Foul Ball, location: 2F
0-2: Foul Ball, location: 2F
0-2: Ground out 6-3 (Groundball, 6)
Bottom of the 1st over - 0 run(s), 0 hit(s), 0 error(s), 0 left on base; Salt Lake City 3 - Brinkley 0
TOP OF THE 2ND
Salt Lake City Buzz batting - Pitching for Brinkley Belugas : RHP Esteban G鏔ez
Batting: RHB Alejandro Herrera 0-0: Ball
1-0: Hit by Pitch
Batting: LHB Roberto Soto 0-0: Foul Ball, location: 2F
0-1: Ball
1-1: Swinging Strike
1-2: Ball
2-2: SINGLE (Groundball, 34D)
Alejandro Herrera to second
Runner from 2nd tries for 3rd, SAFE, throw made to third
Roberto Soto to second
Batting: LHB Frank Sharp 0-0: Called Strike
0-1: Foul Ball, location: 2F
0-2: Fly out, F6 (Line Drive, 6M)
Pitching: RHP Alonso Cruz
Batting: RHB Justin MacPherson 0-0: SINGLE (Groundball, 34D)
Alejandro Herrera scores
Roberto Soto to third
Runner from 3rd tries for Home, SAFE, no throw
Batting: RHB Vicente Cruz 0-0: Called Strike
Justin MacPherson steals 2nd base
0-1: Ball
1-1: Ball
2-1: Ball
3-1: Base on Balls
Batting: RHB Jung-hwan Kwon 0-0: SINGLE (Groundball, 56D)
Justin MacPherson to third
Vicente Cruz to second
Runner from 3rd tries for Home, throw and OUT!
Vicente Cruz to third
Jung-hwan Kwon to second
Batting: RHB Adrian Rodgers 0-0: Ball
1-0: Called Strike
1-1: Ball
2-1: Foul Ball, location: 2F
2-2: Fly out, F9 (Flyball, 9LD)
Top of the 2nd over - 2 run(s), 3 hit(s), 0 error(s), 2 left on base; Salt Lake City 5 - Brinkley 0
BOTTOM OF THE 2ND
Brinkley Belugas batting - Pitching for Salt Lake City Buzz : RHP Caleb Sobieski
Batting: RHB Parker Smith 0-0: SINGLE (Groundball, 34D)
Batting: SHB Zuberi Mccray 0-0: Ball
1-0: Ball
2-0: Ball
3-0: Base on Balls
Parker Smith to second
Batting: LHB Eric Porter 0-0: SINGLE (Line Drive, 3D)
Parker Smith to third
Zuberi Mccray to second
Runner from 3rd tries for Home, SAFE, no throw
Batting: LHB Natale Langushi 0-0: Swinging Strike
0-1: Foul Ball, location: 2F
0-2: Ball
1-2: Ball
2-2: Foul Ball, location: 2F
2-2: Ball
3-2: Base on Balls
Zuberi Mccray to third
Eric Porter to second
Batting: RHB Leo Cadden 0-0: Grounds into double play, 6-4-3 (Groundball, 6)
Zuberi Mccray scores
Eric Porter to third
Batting: RHB Randy Tucker 0-0: Called Strike
0-1: Fly out, F7 (Flyball, 7D)
Bottom of the 2nd over - 2 run(s), 2 hit(s), 0 error(s), 1 left on base; Salt Lake City 5 - Brinkley 2
TOP OF THE 3RD
Salt Lake City Buzz batting - Pitching for Brinkley Belugas : RHP Alonso Cruz
Batting: LHB 聲gel Aguilar 0-0: Called Strike
0-1: Fly out, F9 (Flyball, 9S)
Batting: RHB Andrew Hall 0-0: Called Strike
0-1: Ground out 5-3 (Groundball, 56)
Batting: RHB Alejandro Herrera 0-0: Ball
1-0: Ball
2-0: Fly out, F8 (Flyball, 89D)
Top of the 3rd over - 0 run(s), 0 hit(s), 0 error(s), 0 left on base; Salt Lake City 5 - Brinkley 2
BOTTOM OF THE 3RD
Brinkley Belugas batting - Pitching for Salt Lake City Buzz : RHP Caleb Sobieski
Batting: RHB Enrico Betancourt 0-0: Foul Ball, location: 2F
0-1: Ball
1-1: Ground out 6-3 (Groundball, 6)
Batting: RHB Jay Kidd 0-0: Ball
1-0: Foul Ball, location: 2F
1-1: Ball
2-1: Foul Ball, location: 2F
2-2: Foul Ball, location: 2F
2-2: Strikes out looking
Batting: RHB Brandon Cole 0-0: Swinging Strike
0-1: Ball
1-1: Foul Ball, location: 2F
1-2: Ball
2-2: Foul Ball, location: 2F
2-2: Strikes out swinging
Bottom of the 3rd over - 0 run(s), 0 hit(s), 0 error(s), 0 left on base; Salt Lake City 5 - Brinkley 2
TOP OF THE 4TH
Salt Lake City Buzz batting - Pitching for Brinkley Belugas : RHP Alonso Cruz
Batting: LHB Roberto Soto 0-0: Called Strike
0-1: Ground out 4-3 (Groundball, 34)
Batting: LHB Frank Sharp 0-0: Called Strike
0-1: Foul Ball, location: 2F
0-2: Ground out 5-3 (Groundball, 5L)
Batting: RHB Justin MacPherson 0-0: Ball
1-0: Called Strike
1-1: Ball
2-1: SINGLE (Groundball, 6D)
Batting: RHB Vicente Cruz 0-0: Ball
1-0: Called Strike
1-1: Swinging Strike
1-2: Strikes out swinging
Top of the 4th over - 0 run(s), 1 hit(s), 0 error(s), 1 left on base; Salt Lake City 5 - Brinkley 2
BOTTOM OF THE 4TH
Brinkley Belugas batting - Pitching for Salt Lake City Buzz : RHP Caleb Sobieski
Batting: RHB Parker Smith 0-0: Ball
1-0: Ball
2-0: Fly out, F9 (Flyball, 9S)
Batting: SHB Zuberi Mccray 0-0: SINGLE (Groundball, 4D)
Batting: LHB Eric Porter 0-0: Ball
1-0: Called Strike
1-1: Ball
2-1: Fly out, F7 (Flyball, 7S)
Batting: LHB Natale Langushi Pickoff Throw to First - Out!
Bottom of the 4th over - 0 run(s), 1 hit(s), 0 error(s), 0 left on base; Salt Lake City 5 - Brinkley 2
TOP OF THE 5TH
Salt Lake City Buzz batting - Pitching for Brinkley Belugas : RHP Alonso Cruz
Batting: RHB Jung-hwan Kwon 0-0: Called Strike
0-1: Ball
1-1: Foul Ball, location: 2F
1-2: SINGLE (Groundball, 6MD)
Batting: RHB Adrian Rodgers 0-0: Ball
1-0: Bunt missed!
1-1: Ball
Jung-hwan Kwon is caught stealing 2nd base
2-1: Foul Ball, location: 2F
2-2: Ball
3-2: SINGLE (Groundball, 56D)
Batting: LHB 聲gel Aguilar 0-0: Ball
1-0: Ball
2-0: Hit by Pitch
Adrian Rodgers to second
Batting: RHB Andrew Hall 0-0: Swinging Strike
0-1: Foul Ball, location: 2F
0-2: Strikes out looking
Batting: RHB Alejandro Herrera 0-0: Ground out U3 (Groundball, 3S)
Top of the 5th over - 0 run(s), 2 hit(s), 0 error(s), 2 left on base; Salt Lake City 5 - Brinkley 2
BOTTOM OF THE 5TH
Brinkley Belugas batting - Pitching for Salt Lake City Buzz : RHP Caleb Sobieski
Batting: LHB Natale Langushi 0-0: Called Strike
0-1: SOLO HOME RUN (Flyball, 89XD), Distance : 420 ft
Batting: RHB Leo Cadden 0-0: Ball
1-0: Ball
2-0: Swinging Strike
2-1: SOLO HOME RUN (Flyball, 78XD), Distance : 426 ft
Batting: RHB Randy Tucker 0-0: Ground out 6-3 (Groundball, 6)
Batting: RHB Enrico Betancourt 0-0: Called Strike
0-1: Fly out, F8 (Flyball, 8LD)
Batting: RHB Jay Kidd 0-0: Ball
1-0: Called Strike
1-1: Fly out, F4 (Line Drive, 4M)
Bottom of the 5th over - 2 run(s), 2 hit(s), 0 error(s), 0 left on base; Salt Lake City 5 - Brinkley 4
TOP OF THE 6TH
Salt Lake City Buzz batting - Pitching for Brinkley Belugas : RHP Alonso Cruz
Batting: LHB Roberto Soto 0-0: Bunt for hit - play at first, batter OUT! 1-3
Pitching: RHP Steven Jones
Batting: LHB Frank Sharp 0-0: Ball
1-0: Ball
2-0: Ball
3-0: Called Strike
3-1: Called Strike
3-2: Foul Ball, location: 2F
3-2: Fly out, F6 (Line Drive, 6D)
Batting: RHB Justin MacPherson 0-0: SINGLE (Line Drive, 56)
Batting: RHB Vicente Cruz 0-0: Called Strike
Throwing error on steal attempt, E2
Justin MacPherson to third
0-1: Foul Ball, location: 2F
0-2: Ball
1-2: Ball
2-2: Strikes out swinging
Top of the 6th over - 0 run(s), 1 hit(s), 1 error(s), 1 left on base; Salt Lake City 5 - Brinkley 4
BOTTOM OF THE 6TH
Brinkley Belugas batting - Pitching for Salt Lake City Buzz : RHP Caleb Sobieski
Batting: RHB Brandon Cole 0-0: Ball
1-0: Fly out, F6 (Line Drive, 6)
Batting: RHB Parker Smith 0-0: Called Strike
0-1: Foul Ball, location: 2F
0-2: Ball
1-2: Fly out, F9 (Flyball, 9LS)
Batting: SHB Zuberi Mccray 0-0: Called Strike
0-1: Fly out, F7 (Line Drive, 7LD)
Bottom of the 6th over - 0 run(s), 0 hit(s), 0 error(s), 0 left on base; Salt Lake City 5 - Brinkley 4
TOP OF THE 7TH
Salt Lake City Buzz batting - Pitching for Brinkley Belugas : RHP Steven Jones
Batting: RHB Jung-hwan Kwon 0-0: Ball
1-0: Ground out 5-3 (Groundball, 5S)
Batting: RHB Adrian Rodgers 0-0: Swinging Strike
0-1: SINGLE (Line Drive, 34D)
Batting: LHB 聲gel Aguilar 0-0: Swinging Strike
0-1: SINGLE (Groundball, 4MD)
Adrian Rodgers to second
Runner from 2nd tries for 3rd, SAFE, throw made to third
聲gel Aguilar to second
Pinch Hitting: LHB Randy Schlosser 0-0: Intentional Walk
Pinch Hitting: LHB Ron Bascombe 0-0: Called Strike
0-1: Foul Ball, location: 2F
0-2: Ball
1-2: Strikes out swinging
Batting: LHB Roberto Soto 0-0: Ball
1-0: Called Strike
1-1: Foul Ball, location: 2F
1-2: Ball
2-2: Fly out, F9 (Flyball, 89D)
Top of the 7th over - 0 run(s), 2 hit(s), 0 error(s), 3 left on base; Salt Lake City 5 - Brinkley 4
BOTTOM OF THE 7TH
Brinkley Belugas batting - Pitching for Salt Lake City Buzz : RHP Caleb Sobieski
Now at 1B: Jack Davis
Now at SS: Zach Lewis
Batting: LHB Eric Porter 0-0: Foul Ball, location: 2F
0-1: Reached via error on a dropped throw, E1
Pinch Runner at 1st Marcos Dele鏮:
Pinch Hitting: LHB Mike Cook 0-0: Ball
1-0: Ball
2-0: Bunted foul
2-1: Sac Bunt - play at first, batter OUT! 3-4
Marcos Dele鏮 to second
Pinch Hitting: LHB Mario Nieves 0-0: Ball
1-0: Fly out, F9 (Flyball, 9D)
Runner from 2nd tags up, SAFE at 3rd, no throw
Pinch Hitting: LHB Peter Paul 0-0: Foul Ball, location: 2F
0-1: Ball
1-1: Called Strike
1-2: Ball
Wild Pitch!
Marcos Dele鏮 scores
2-2: Ball
3-2: Base on Balls
Pinch Hitting: RHB Steve Jones 0-0: SINGLE (Groundball, 56D)
Peter Paul to second
Pinch Runner at 2nd Manny Carbajal:
Pinch Hitting: RHB Kelly Harris 0-0: Called Strike
0-1: Ball
1-1: Swinging Strike
1-2: Ball
2-2: Foul Ball, location: 2F
2-2: Foul Ball, location: 2F
2-2: Ball
3-2: Ground out 6-3 (Groundball, 6M)
Bottom of the 7th over - 1 run(s), 1 hit(s), 1 error(s), 2 left on base; Salt Lake City 5 - Brinkley 5
TOP OF THE 8TH
Salt Lake City Buzz batting - Pitching for Brinkley Belugas : RHP Steven Jones
Now at 1B: Mario Nieves
Now at 2B: Shawn Hicks
Now in LF: Kelly Harris
Now in CF: Manny Carbajal
Now in RF: Steve Jones
Batting: LHB Frank Sharp 0-0: Called Strike
0-1: Ball
1-1: Ball
2-1: Called Strike
2-2: Foul Ball, location: 2F
2-2: Reached via error on a dropped throw, E3
Batting: RHB Justin MacPherson 0-0: SINGLE (Line Drive, 89S)
Frank Sharp to second
Runner from 2nd tries for 3rd, SAFE, throw made to third
Batting: RHB Vicente Cruz 0-0: Ball
1-0: SINGLE (Line Drive, 7S)
Frank Sharp scores
Justin MacPherson to second
Batting: RHB Jung-hwan Kwon 0-0: Called Strike
0-1: Foul Ball, location: 2F
0-2: Foul Ball, location: 2F
0-2: Ground out 5-3 (Groundball, 56S)
Justin MacPherson to third
Vicente Cruz to second
Batting: RHB Adrian Rodgers 0-0: Foul Ball, location: 2F
0-1: SINGLE (Groundball, 4M)
Justin MacPherson scores
Vicente Cruz to third
Pitching: LHP Don Teehan
Pinch Hitting: RHB Curt Kenney 0-0: SINGLE (Line Drive, 78S)
Vicente Cruz scores
Adrian Rodgers to second
Batting: RHB Jack Davis 0-0: SINGLE (Flyball, 7S)
Adrian Rodgers to third
Curt Kenney to second
Batting: RHB Zach Lewis 0-0: Ball
1-0: Foul Ball, location: 2F
1-1: Ball
2-1: Swinging Strike
2-2: Grounds into fielders choice 5-2 (Groundball, 5)
Curt Kenney to third
Jack Davis to second
Pinch Hitting: RHB Alan Rosales 0-0: Called Strike
0-1: Called Strike
0-2: Foul Ball, location: 2F
0-2: Foul Ball, location: 2F
0-2: Foul Ball, location: 2F
0-2: Ball
1-2: Ball
Wild Pitch!
Curt Kenney scores
Jack Davis to third
Zach Lewis to second
2-2: Foul Ball, location: 2F
2-2: Foul Ball, location: 2F
2-2: Strikes out swinging
Top of the 8th over - 4 run(s), 5 hit(s), 1 error(s), 2 left on base; Salt Lake City 9 - Brinkley 5
BOTTOM OF THE 8TH
Brinkley Belugas batting - Pitching for Salt Lake City Buzz : RHP Caleb Sobieski
Now at 2B: Curt Kenney
Now in RF: Alan Rosales
Batting: RHB Brandon Cole 0-0: Called Strike
0-1: Foul Ball, location: 2F
0-2: Ground out 6-3 (Groundball, 6)
Batting: RHB Parker Smith 0-0: SINGLE (Line Drive, 7S)
Batting: SHB Zuberi Mccray 0-0: Called Strike
0-1: Grounds into double play, 4-6-3 (Groundball, 34)
Bottom of the 8th over - 0 run(s), 1 hit(s), 0 error(s), 0 left on base; Salt Lake City 9 - Brinkley 5
TOP OF THE 9TH
Salt Lake City Buzz batting - Pitching for Brinkley Belugas : LHP Don Teehan
Batting: LHB Frank Sharp 0-0: Called Strike
0-1: Ball
1-1: Called Strike
1-2: Strikes out swinging
Batting: RHB Justin MacPherson 0-0: Called Strike
0-1: Ball
1-1: DOUBLE (Line Drive, 7LM)
Batting: RHB Vicente Cruz 0-0: Ball
1-0: Foul Ball, location: 2F
1-1: Swinging Strike
1-2: Strikes out swinging
Batting: RHB Jung-hwan Kwon 0-0: Called Strike
0-1: Ball
1-1: Ball
2-1: Ball
3-1: Foul Ball, location: 2F
3-2: Fly out, F7 (Flyball, 7)
Top of the 9th over - 0 run(s), 1 hit(s), 0 error(s), 1 left on base; Salt Lake City 9 - Brinkley 5
BOTTOM OF THE 9TH
Brinkley Belugas batting - Pitching for Salt Lake City Buzz : RHP Caleb Sobieski
Pitching: RHP Jim Unknown
Batting: LHB Marcos Dele鏮 0-0: Ball
1-0: Ball
2-0: Ball
3-0: Called Strike
3-1: Foul Ball, location: 2F
3-2: Ground out 4-3 (Groundball, 4)
Batting: RHB Shawn Hicks 0-0: Called Strike
0-1: Ball
1-1: Foul Ball, location: 2F
1-2: Reached on error, E6 (Groundball, 56D)
Batting: LHB Mario Nieves 0-0: Called Strike
0-1: Ball
1-1: Foul Ball, location: 2F
1-2: Ball
2-2: Ball
3-2: Foul Ball, location: 2F
3-2: Foul Ball, location: 2F
3-2: Strikes out swinging
Batting: RHB Manny Carbajal 0-0: Ball
1-0: Called Strike
1-1: Ground out 6-3 (Groundball, 6)
Bottom of the 9th over - 0 run(s), 0 hit(s), 1 error(s), 1 left on base; Salt Lake City 9 - Brinkley 5
Saturday, May 26th, 2018 - OOTP Baseball 17.12 Build 75